 Dungeon Crawl Stone Soup version 0.24-a0-584-g9d6b971ae4 (webtiles) character file.

Game seed: 12919754436227860069, levelgen mode: deterministic

14647 Engwar the Thaumaturge (level 12, -2/94 HPs)
             Began as a Gnoll Warper on Aug 29, 2019.
             Was an Elder of Cheibriados.
             Slain by a stone giant (23 damage)
             ... on level 1 of the Orcish Mines.
             The game lasted 00:46:46 (13107 turns).

Engwar the Thaumaturge (Gnoll Warper)              Turns: 13107, Time: 00:46:47

Health: -2/94      AC: 24    Str: 24    XL:     12   Next: 18%
Magic:  24/24      EV: 12    Int: 28    God:    Cheibriados [****..]
Gold:   864        SH:  0    Dex: 24    Spells: 10/28 levels left

rFire    . . .     SeeInvis .   p - +0 executioner's axe
rCold    + . .     Gourm    .   (shield currently unavailable)
rNeg     . . .     Faith    .   v - +1 plate armour {rC+}
rPois    +         Spirit   .   e - +2 helmet (curse)
rElec    .         Reflect  .   y - +0 cloak
rCorr    .         Harm     .   u - +0 pair of gloves
MR       .....                  (no boots)
Stlth    ..........             A - amulet of magic regeneration
HPRegen  0.25/turn              g - +5 ring of protection
MPRegen  0.44/turn              G - ring of poison resistance

@: drained, very slow
A: distributed training, fangs 1, strong nose
a: Bend Time, Temporal Distortion, Slouch, Renounce Religion


You were on level 1 of the Orcish Mines.
You worshipped Cheibriados.
Cheibriados was greatly pleased with you.
You were not hungry.

You visited 3 branches of the dungeon, and saw 14 of its levels.

You collected 964 gold pieces.
You spent 100 gold pieces at shops.

Inventory:

Hand Weapons
 a - a +1 falchion
 p - a +0 executioner's axe (weapon)
 z - a +0 arbalest
Missiles
 d - 10 javelins (quivered)
 J - 11 boomerangs
Armour
 e - a cursed +2 helmet (worn)
 u - a +0 pair of gloves (worn)
 v - a +1 plate armour of cold resistance (worn)
 y - a +0 cloak (worn)
Jewellery
 g - a +5 ring of protection (left hand)
 l - an uncursed ring of flight
 A - an amulet of magic regeneration (around neck)
 D - an uncursed ring of protection from cold
 G - a ring of poison resistance (right hand)
Wands
 c - a wand of acid (4)
 m - a wand of clouds (1)
 o - a wand of polymorph (20)
 q - a wand of iceblast (25)
 w - a wand of digging (5)
Scrolls
 h - a scroll of magic mapping
 i - 2 scrolls of enchant weapon
 j - 4 scrolls of immolation
 k - 8 scrolls of remove curse
 s - 6 scrolls of teleportation
 E - a scroll of amnesia
Potions
 r - 2 potions of invisibility
 x - a potion of flight
 B - a potion of magic
 C - 4 potions of curing
 F - a potion of agility
 H - a potion of mutation {unknown}
Comestibles
 f - 18 rations


   Skills:
 + Level 8.4(7.5) Fighting
 + Level 6.9(6.0) Short Blades
 + Level 8.4(7.5) Long Blades
 + Level 6.9(6.0) Axes
 + Level 6.9(6.0) Maces & Flails
 + Level 6.9(6.0) Polearms
 + Level 6.9(6.0) Staves
 + Level 6.9(6.0) Slings
 + Level 6.9(6.0) Bows
 + Level 6.9(6.0) Crossbows
 + Level 7.4(6.5) Throwing
 + Level 7.4(6.5) Armour
 + Level 8.4(7.5) Dodging
 + Level 6.9(6.0) Stealth
 + Level 6.9(6.0) Shields
 + Level 6.9(6.0) Unarmed Combat
 + Level 8.6(7.7) Spellcasting
 + Level 5.7(4.9) Conjurations
 + Level 5.7(4.9) Hexes
 + Level 5.7(4.9) Charms
 + Level 5.7(4.9) Summonings
 + Level 5.7(4.9) Necromancy
 + Level 8.0(7.1) Translocations
 + Level 5.7(4.9) Transmutations
 + Level 5.7(4.9) Fire Magic
 + Level 5.7(4.9) Ice Magic
 + Level 5.7(4.9) Air Magic
 + Level 5.7(4.9) Earth Magic
 + Level 5.7(4.9) Poison Magic
 + Level 7.6(6.7) Invocations
 + Level 6.9(6.0) Evocations


You had 10 spell levels left.
You knew the following spells:

 Your Spells              Type           Power        Failure   Level  Hunger
a - Blink                 Tloc           N/A          5%          2    None
b - Shroud of Golubria    Chrm/Tloc      #####.       9%          2    None
c - Teleport Other        Tloc           ######..     11%         3    None
d - Lesser Beckoning      Tloc           ######....   11%         3    None
e - Gell's Gravitas       Tloc           ######....   11%         3    None
f - Corona                Hex            #####..      10%         1    None
g - Leda's Liquefaction   Hex/Erth       #####.....   67%         4    ##.....

Your spell library contained the following spells:

 Spells                   Type           Power        Failure   Level  Hunger
 Slow                     Hex            #####...     14%         2    None
 Portal Projectile        Hex/Tloc       #####.       19%         3    None
 Inner Flame              Hex/Fire       #####...     28%         3    None
 Passage of Golubria      Tloc           N/A          36%         4    ##.....
 Cause Fear               Hex            #####.....   67%         4    ##.....


Dungeon Overview and Level Annotations

Branches:
Dungeon (12/15)            Temple (0/1) D:5            Lair (1/6) D:10
    Orc (1/2) D:11

Altars:
Ashenzari
Cheibriados
Elyvilon
Fedhas
Hepliaklqana
Nemelex Xobeh
Okawaru
Vehumet
Wu Jian
Xom
Zin

Shops:
D:8 =   D:9 !!}

Annotations:
D:4 Blork the orc
D:10 Sonja


Innate Abilities, Weirdness & Mutations

Your experience applies equally to all skills.
You have very sharp teeth.
Your uncanny sense of smell can sniff out nearby items.


Message History

You start resting.
The stone giant is too close now for your liking.
The stone giant throws a large rock.
The large rock barely misses you.
You hit the stone giant.
The stone giant is lightly wounded.
The stone giant hits you! The stone giant misses you.
You hit the stone giant but do no damage.
The stone giant is lightly wounded.
The stone giant hits you but does no damage.
You slice the stone giant!! You bite the stone giant.
The stone giant is moderately wounded.
The stone giant hits you!! The stone giant hits you!
You hit the stone giant but do no damage.
The stone giant is moderately wounded.
The stone giant closely misses you. The stone giant hits you!
* * * LOW HITPOINT WARNING * * *
You hit the stone giant.
The stone giant is moderately wounded.
The stone giant hits you!!
You die...

..C# ##.#........##
...# #.......###...
... ##......####...
.... #........#.#...
....##........#...##
#....##.#..#...#.
#(.....##....#...
###C......#.#..##..
###.@.#......##.##...
#.....####..##.......
#....####............
#(....##.....#.##....
####..##.....# #.##..
#....#....## .. #..
##......### #.
#........## #.
#...#.....# . ..


You could see a stone giant.

Vanquished Creatures
  2 hydras
  Harold (D:10)
  A two-headed ogre (D:12)
  Nergalle (D:10)
  An unseen horror (D:10)
  An orc knight (Orc:1)
  2 cyclopes (D:11)
  2 ugly things (D:12)
  A centaur zombie (D:11)
  A komodo dragon (D:10)
  2 trolls
  2 hippogriffs
  2 hungry ghosts
  4 vampire mosquitoes (Lair:1)
  2 insubstantial wisps (Lair:1)
  2 water moccasins
  11 orc warriors
  2 sky beasts
  A necrophage (D:8)
  An ice beast (D:7)
  9 ogres
  9 centaurs
  6 crocodiles
  A big kobold (D:8)
  12 bullfrogs
  2 scorpions
  6 howler monkeys
  6 crimson imps
  4 bullfrog zombies
  6 hounds
  A quasit (D:6)
  2 jellies
  12 orc priests
  A bullfrog skeleton (D:7)
  A centaur skeleton (D:12)
  4 orc wizards
  Crazy Yiuf (D:6)
  Ijyb (D:3)
  8 iguanas
  5 worker ants
  A hound zombie (D:5)
  3 hound skeletons
  2 worker ant zombies (D:11)
  4 gnolls (D:4)
  2 howler monkey skeletons
  16 adders
  A shadow imp (D:7)
  An ooze (D:1)
  2 adder skeletons
  An adder zombie (D:6)
  2 worms (D:2)
  A dart slug (D:1)
  4 leopard geckos
  41 orcs
  A ball python (D:3)
  9 bats
  4 giant cockroaches
  11 goblins
  9 hobgoblins
  10 jackals
  6 kobolds (D:8)
  7 quokkas
  A ball python skeleton (D:4)
  3 frilled lizards
  A jackal skeleton (D:6)
  A leopard gecko zombie (D:5)
  A quokka zombie (D:8)
  11 rats
  2 plants
297 creatures vanquished.

Vanquished Creatures (others)
  A plant (D:10)
1 creature vanquished.

Grand Total: 298 creatures vanquished

Notes
Turn   | Place    | Note
-------+----------+-------------------------------------------
     0 | D:1      | Engwar the Gnoll Warper began the quest for the Orb.
     0 | D:1      | Reached XP level 1. HP: 20/20 MP: 6/6
   172 | D:1      | Reached XP level 2. HP: 26/26 MP: 7/7
   176 | D:1      | Learned a level 2 spell: Blink
   179 | D:1      | Learned a level 2 spell: Shroud of Golubria
   377 | D:1      | Reached XP level 3. HP: 30/31 MP: 9/9
   515 | D:1      | Reached skill level 5 in Spellcasting
   790 | D:2      | Reached skill level 1 in Invocations
   866 | D:2      | Reached skill level 1 in Short Blades
   866 | D:2      | Reached skill level 1 in Axes
   866 | D:2      | Reached skill level 1 in Maces & Flails
   866 | D:2      | Reached skill level 1 in Polearms
   866 | D:2      | Reached skill level 1 in Staves
   866 | D:2      | Reached skill level 1 in Slings
   866 | D:2      | Reached skill level 1 in Bows
   866 | D:2      | Reached skill level 1 in Crossbows
   866 | D:2      | Reached skill level 1 in Stealth
   866 | D:2      | Reached skill level 1 in Shields
   866 | D:2      | Reached skill level 1 in Unarmed Combat
   866 | D:2      | Reached skill level 1 in Evocations
   866 | D:2      | Reached XP level 4. HP: 35/38 MP: 11/11
   959 | D:2      | Found a snail-covered altar of Cheibriados.
   976 | D:2      | Became a worshipper of Cheibriados the Contemplative
  1151 | D:2      | Reached skill level 1 in Conjurations
  1151 | D:2      | Reached skill level 1 in Hexes
  1151 | D:2      | Reached skill level 1 in Charms
  1151 | D:2      | Reached skill level 1 in Summonings
  1151 | D:2      | Reached skill level 1 in Necromancy
  1151 | D:2      | Reached skill level 1 in Transmutations
  1151 | D:2      | Reached skill level 1 in Fire Magic
  1151 | D:2      | Reached skill level 1 in Ice Magic
  1151 | D:2      | Reached skill level 1 in Air Magic
  1151 | D:2      | Reached skill level 1 in Earth Magic
  1151 | D:2      | Reached skill level 1 in Poison Magic
  1269 | D:2      | Found a white marble altar of Elyvilon.
  1296 | D:2      | Reached * piety under Cheibriados
  1435 | D:2      | Reached XP level 5. HP: 43/43 MP: 12/12
  1983 | D:3      | Noticed Ijyb
  2015 | D:3      | Killed Ijyb
  2371 | D:3      | Found a shimmering altar of Xom.
  2372 | D:3      | Found an iron altar of Okawaru.
  2374 | D:3      | Found a sparkling altar of Nemelex Xobeh.
  2572 | D:4      | Learned a level 3 spell: Teleport Other
  2659 | D:4      | Reached ** piety under Cheibriados
  2659 | D:4      | Reached XP level 6. HP: 50/50 MP: 13/13
  2729 | D:4      | Found a radiant altar of Vehumet.
  2735 | D:4      | Reached skill level 5 in Fighting
  2735 | D:4      | Reached skill level 5 in Long Blades
  2735 | D:4      | Reached skill level 5 in Dodging
  3263 | D:4      | Reached XP level 7. HP: 54/56 MP: 15/15
  3310 | D:4      | Found a shattered altar of Ashenzari.
  3569 | D:4      | Noticed Blork the orc
  3585 | D:5      | Entered Level 5 of the Dungeon
  3674 | D:5      | Reached *** piety under Cheibriados
  3688 | D:5      | Found a radiant altar of Vehumet.
  3785 | D:5      | Reached XP level 8. HP: 45/63 MP: 16/16
  3980 | D:5      | Found a staircase to the Ecumenical Temple.
  5355 | D:6      | Reached **** piety under Cheibriados
  5444 | D:6      | Reached XP level 9. HP: 69/69 MP: 18/18
  5452 | D:6      | Learned a level 3 spell: Lesser Beckoning
  5456 | D:6      | Learned a level 3 spell: Gell's Gravitas
  6126 | D:6      | Found a runed translucent door.
  6127 | D:6      | Noticed Crazy Yiuf
  6142 | D:6      | Killed Crazy Yiuf
  6499 | D:7      | You fall into a shaft and drop 3 floors!
  6499 | D:10     | Entered Level 10 of the Dungeon
  6524 | D:10     | Noticed Harold
  6553 | D:10     | Killed Harold
  6553 | D:10     | Reached skill level 5 in Throwing
  6553 | D:10     | Reached skill level 5 in Armour
  6565 | D:10     | HP: 2/71 [something (3)]
  6605 | D:9      | Reached skill level 5 in Invocations
  6945 | D:8      | Reached ***** piety under Cheibriados
  6974 | D:8      | Noticed a six-headed hydra
  6981 | D:8      | Reached XP level 10. HP: 62/77 MP: 20/20
  7107 | D:8      | Killed a six-headed hydra
  7107 | D:8      | Reached skill level 5 in Short Blades
  7107 | D:8      | Reached skill level 5 in Axes
  7107 | D:8      | Reached skill level 5 in Maces & Flails
  7107 | D:8      | Reached skill level 5 in Polearms
  7107 | D:8      | Reached skill level 5 in Staves
  7107 | D:8      | Reached skill level 5 in Slings
  7107 | D:8      | Reached skill level 5 in Bows
  7107 | D:8      | Reached skill level 5 in Crossbows
  7107 | D:8      | Reached skill level 5 in Stealth
  7107 | D:8      | Reached skill level 5 in Shields
  7107 | D:8      | Reached skill level 5 in Unarmed Combat
  7107 | D:8      | Reached skill level 5 in Evocations
  7233 | D:8      | Found Qimoh's Jewellery Shoppe.
  7429 | D:8      | Found a blossoming altar of Fedhas.
  7728 | D:7      | Found a hazy altar of Hepliaklqana.
  8293 | D:9      | Found Azeacs's Gadget Shop.
  8296 | D:9      | Found Meptacih's Distillery.
  8315 | D:9      | Bought a potion of heal wounds for 50 gold pieces
  8315 | D:9      | Bought a potion of heal wounds for 50 gold pieces
  8325 | D:9      | Found Othoti's Distillery.
  8380 | D:9      | Found a glowing silver altar of Zin.
  8518 | D:9      | Found an ornate altar of the Wu Jian Council.
  8613 | D:9      | Learned a level 1 spell: Corona
  8618 | D:9      | Learned a level 4 spell: Leda's Liquefaction
  8813 | D:10     | Noticed an unseen horror
  8824 | D:10     | Killed an unseen horror
  9005 | D:10     | Found a staircase to the Lair.
  9088 | D:10     | Noticed Nergalle
  9098 | D:10     | Killed Nergalle
  9098 | D:10     | Reached XP level 11. HP: 63/84 MP: 13/22
  9142 | D:10     | Noticed Sonja
  9678 | D:11     | Noticed a cyclops
  9687 | D:11     | Killed a cyclops
  9687 | D:11     | Reached skill level 5 in Conjurations
  9687 | D:11     | Reached skill level 5 in Hexes
  9687 | D:11     | Reached skill level 5 in Charms
  9687 | D:11     | Reached skill level 5 in Summonings
  9687 | D:11     | Reached skill level 5 in Necromancy
  9687 | D:11     | Reached skill level 5 in Transmutations
  9687 | D:11     | Reached skill level 5 in Fire Magic
  9687 | D:11     | Reached skill level 5 in Ice Magic
  9687 | D:11     | Reached skill level 5 in Air Magic
  9687 | D:11     | Reached skill level 5 in Earth Magic
  9687 | D:11     | Reached skill level 5 in Poison Magic
  9852 | D:11     | Noticed a cyclops
  9859 | D:11     | Killed a cyclops
 10074 | D:11     | Noticed a death knight
 10113 | D:11     | HP: 4/86 [orc warrior/+0 war axe (5)]
 10397 | D:11     | Found a staircase to the Orcish Mines.
 10687 | D:12     | Got a bloodstained mace
 10690 | D:12     | Identified the cursed +0 mace of Subjectivity {pain, Int+7}
                  | (You found it on level 12 of the Dungeon)
 10720 | D:12     | Noticed a purple ugly thing
 10734 | D:12     | Killed a purple ugly thing
 10854 | D:12     | Noticed a red ugly thing
 10862 | D:12     | Killed a red ugly thing
 11057 | D:12     | Noticed a two-headed ogre
 11065 | D:12     | Killed a two-headed ogre
 11196 | Lair:1   | Entered Level 1 of the Lair of Beasts
 11306 | Lair:1   | Got a vibrating sapphire amulet
 11391 | Lair:1   | Identified the amulet of Coaczypt {Faith Dex+7} (You found
                  | it on level 1 of the Lair of Beasts)
 11431 | Lair:1   | Noticed a six-headed hydra
 11439 | Lair:1   | Killed a six-headed hydra
 11439 | Lair:1   | Reached XP level 12. HP: 66/93 MP: 13/24
 12159 | Orc:1    | Entered Level 1 of the Orcish Mines
 13094 | Orc:1    | Noticed a stone giant
 13107 | Orc:1    | Slain by a stone giant

Levels and vault maps discovered:
D:1:      dpeg_arrival_three_bigger_balls, layout_basic
D:2:      layout_basic, cheibriados_altar_1, elyvilon_altar_1
D:3:      layout_basic, minitemple, uniq_ijyb
D:4:      layout_basic, tgw_sif, kennysheep_mini_moat,
          nicolae_ashenzari_panopticon, chequers_serial_rivers_small_3
D:5:      layout_loops_ring, minmay_temple_entry_proselytizer, basic_altar,
          first_ration
D:6:      layout_loops_ring, uniq_crazy_yiuf_cottage
D:7:      layout_loops_ring, overflow_temple_1_default,
          hangedman_abyss_or_decor_stagger
D:8:      layout_basic, lemuel_doored_altar, serial_shops, shop_statue
D:9:      layout_loops_ring, zin_academy, lemuel_round_altar, serial_shops,
          nicolae_shop_stone, shop, shop
D:10:     layout_basic, david_lair_shrubbed, enter_bailey_6, serial_shops,
          shop_fountains, uniq_harold, uniq_sonja, uniq_nergalle
D:11:     layout_loops_ring, david_orc_4, uniq_maurice
D:12:     layout_cave_pools
Lair:1:   layout_gridlike, pond
Orc:1:    layout_diamond_mine, basic_altar, serial_shops, shop,
          statue_in_the_mist_lemuel

Skill      XL: |  1  2  3  4  5  6  7  8  9 10 11 12 |
---------------+-------------------------------------+-----
Spellcasting   | 5 6 7 8 |  8.6
Invocations    | 1 2 3 4 5 6 7 |  7.6
Short Blades   | 1 2 3 4 5 6 |  6.9
Axes           | 1 2 3 4 5 6 |  6.9
Maces & Flails | 1 2 3 4 5 6 |  6.9
Polearms       | 1 2 3 4 5 6 |  6.9
Staves         | 1 2 3 4 5 6 |  6.9
Slings         | 1 2 3 4 5 6 |  6.9
Bows           | 1 2 3 4 5 6 |  6.9
Crossbows      | 1 2 3 4 5 6 |  6.9
Stealth        | 1 2 3 4 5 6 |  6.9
Shields        | 1 2 3 4 5 6 |  6.9
Unarmed Combat | 1 2 3 4 5 6 |  6.9
Evocations     | 1 2 3 4 5 6 |  6.9
Conjurations   | 1 2 3 4 5 |  5.7
Hexes          | 1 2 3 4 5 |  5.7
Charms         | 1 2 3 4 5 |  5.7
Summonings     | 1 2 3 4 5 |  5.7
Necromancy     | 1 2 3 4 5 |  5.7
Transmutations | 1 2 3 4 5 |  5.7
Fire Magic     | 1 2 3 4 5 |  5.7
Ice Magic      | 1 2 3 4 5 |  5.7
Air Magic      | 1 2 3 4 5 |  5.7
Earth Magic    | 1 2 3 4 5 |  5.7
Poison Magic   | 1 2 3 4 5 |  5.7
Throwing       | 3 4 5 6 7 |  7.4
Armour         | 3 4 5 6 7 |  7.4
Fighting       | 5 6 7 8 |  8.4
Long Blades    | 5 6 7 8 |  8.4
Dodging        | 5 6 7 8 |  8.4
Translocations | 6 7 8 |  8.0

Action                   |  1- 3 |  4- 6 |  7- 9 | 10-12 || total
-------------------------+-------+-------+-------+-------++-------
Melee: Falchion          |    80 |   230 |   446 |   189 ||   945
       Bite              |     8 |    29 |    97 |   111 ||   245
       Punch             |       |     2 |    11 |     9 ||    22
       Unarmed           |       |    25 |       |       ||    25
       Executioner's axe |       |       |       |   228 ||   228
 Cast: Blink             |       |       |     1 |     1 ||     2
       Shroud of Golubri |       |       |     2 |       ||     2
       Teleport Other    |       |       |     1 |       ||     1
       Corona            |       |       |       |     2 ||     2
       Gell's Gravitas   |       |       |       |     3 ||     3
       Lesser Beckoning  |       |       |       |     2 ||     2
Invok: Slouch            |       |       |       |    10 ||    10
Evoke: Wand              |       |       |       |     2 ||     2
  Use: Scroll            |       |     8 |    10 |    14 ||    32
       Potion            |       |     1 |     4 |     4 ||     9
  Eat: Chunk             |       |     5 |     6 |    13 ||    24
       Ration            |       |       |       |     2 ||     2
Armor: Leather armour    |     8 |       |       |       ||     8
       Plate armour      |    61 |   186 |   328 |   310 ||   885
Dodge: Dodged            |    37 |    93 |   264 |   408 ||   802
       Rpst.: Falchion   |    15 |    23 |    70 |    44 ||   152

Table legend:
 A = Non-vault XP
 B = Vault XP
 C = Vault XP percentage of total XP
 D = Non-vault monster count
 E = Vault monster count
 F = Vault count percentage of total count
                 A         B        C        D         E       F
            +---------+---------+-------+---------+---------+-------
      Total |   17029 |    3896 |  18.6 |     271 |      24 |   8.1
            +---------+---------+-------+---------+---------+-------
        D:1 |      47 |       0 |   0.0 |      22 |       0 |   0.0
        D:2 |     146 |       0 |   0.0 |      32 |       0 |   0.0
        D:3 |      47 |      36 |  43.4 |      14 |       1 |   6.7
        D:4 |     658 |       0 |   0.0 |      25 |       0 |   0.0
        D:5 |    1083 |      41 |   3.6 |      31 |       1 |   3.1
        D:6 |     750 |      37 |   4.7 |      21 |       1 |   4.5
        D:7 |     532 |       0 |   0.0 |      12 |       0 |   0.0
        D:8 |    2227 |       0 |   0.0 |      29 |       0 |   0.0
        D:9 |     543 |       0 |   0.0 |       8 |       0 |   0.0
       D:10 |    2076 |    2124 |  50.6 |      19 |       3 |  13.6
       D:11 |    3388 |     626 |  15.6 |      24 |      12 |  33.3
       D:12 |    2274 |       0 |   0.0 |       8 |       0 |   0.0
     Lair:1 |    2197 |    1032 |  32.0 |      12 |       6 |  33.3
      Orc:1 |    1061 |       0 |   0.0 |      14 |       0 |   0.0
            +---------+---------+-------+---------+---------+-------
